Map: Lerilak Crest

Players

Broly - Winner!

  • Race: Zerg Zerg
  • League: Diamond

LilDicky

  • Race: Terran Terran
  • League: Diamond

VOD

http://www.twitch.tv/tumescentpie

Description

Time

  • Played on: Dec. 20, 2015, 12:39 p.m.
  • Length: 13:13
Show
View Real Time Build Order
Export as new Build Order

Broly Zerg - Winner!

Build Orders: Hatch First, Muta Ling Bane 

Get SALT Encoding   

  12  0:02  Drone  
  13  0:14  Overlord  
  13  0:17  Drone  
  14  0:33  Drone x2  
  16  0:37  Drone  
  17  0:55  Hatchery  
  16  0:59  Drone  
  17  1:11  Spawning Pool  
  16  1:17  Drone  
  16  1:18  Extractor  
  16  1:19  Drone  
  16  1:23  Drone  
  18  1:33  Drone  
  19  1:41  Drone  
  20  1:51  Overlord  
  20  1:57  Queen  
  22  2:04  Extractor  
  22  2:05  Overlord  
  22  2:08  Drone  
  22  2:10  Queen  
  24  2:16  Drone  
  24  2:19  Metabolic Boost  
  25  2:24  Drone  
  25  2:26  Drone  
  25  2:29  Drone  
  28  2:33  Drone  
  29  2:39  Drone  
  30  2:49  Queen  
  30  2:51  Drone  
  33  2:52  Drone  
  33  2:56  Drone  
  35  3:04  Lair  
  35  3:07  Drone, Extractor  
  35  3:11  Drone  
  35  3:12  Drone  
  37  3:18  Drone  
  37  3:19  Drone x2  
  40  3:37  Drone  
  40  3:38  Drone x3, Extractor  
  40  3:40  Drone  
  44  3:44  Overlord x2  
  43  4:06  Overlord  
  43  4:07  Drone x3, Spire  
  43  4:08  Drone  
  43  4:09  Drone  
  47  4:17  Zergling x2  
  47  4:18  Zergling x4  
  47  4:19  Drone  
  52  4:31  Drone  
  52  4:32  Drone  
  52  4:34  Zergling x6  
  56  4:47  Zergling x2  
  56  4:48  Zergling x6  
  60  5:07  Overlord x3  
  60  5:11  Hatchery  
  59  5:22  Zerg Flyer Weapons Level 1, Mutalisk  
  59  5:23  Mutalisk x3  
  59  5:25  Mutalisk x2  
  71  5:39  Mutalisk x2  
  71  5:40  Mutalisk x4  
  83  5:54  Drone x3, Baneling Nest  
  83  5:56  Drone  
  82  6:15  Zergling x10  
  76  6:21  Zergling x2  
  68  6:33  Drone x3  
  71  6:42  Mutalisk  
  71  6:43  Mutalisk x2  
  77  6:51  Mutalisk x3  
  81  7:03  Mutalisk x2  
  85  7:18  Mutalisk  
  85  7:25  Mutalisk x2  
  85  7:26  Zergling x4  
  85  7:27  Zergling x4  
  93  7:31  Baneling  
  93  7:32  Baneling x2  
  91  7:47  Zergling x8  
  91  7:48  Zergling x2  
  83  8:03  Zergling x2  
  83  8:04  Zergling x2  
  69  8:05  Zergling x2  
  69  8:06  Zergling x6  
  69  8:10  Zergling x2  
  72  8:17  Zergling x2  
  72  8:18  Zergling x2  
  72  8:26  Zergling x2  
  60  8:27  Zergling x4  
  60  8:32  Drone  
  60  8:33  Drone  
  63  8:34  Drone  
  63  8:39  Zerg Flyer Weapons Level 2  
  63  8:41  Centrifical Hooks  
  63  8:43  Zergling x4  
  63  8:44  Queen  
  63  8:45  Evolution Chamber  
  66  8:49  Queen  
  66  8:52  Zergling x2  
  66  8:54  Baneling  
  66  8:55  Baneling x10  
  69  8:56  Baneling x3  
  69  8:57  Zergling x6  
  72  9:04  Zergling x2  
  72  9:07  Zergling x4  
  72  9:08  Evolution Chamber  
  74  9:12  Zergling x4  
  74  9:13  Zergling x2  
  74  9:14  Zergling x2  
  74  9:16  Zergling x2  
  79  9:20  Baneling x6  
  79  9:22  Baneling x5  
  79  9:23  Baneling x7  
  79  9:25  Hatchery  
  79  9:26  Drone x3  
  75  9:41  Mutalisk x2  
  75  9:43  Drone x5  
  75  9:44  Drone x4  
  88  9:50  Drone  
  88  9:52  Drone  
  90  9:53  Drone  
  91  10:01  Drone x4  
  91  10:04  Extractor  
  94  10:07  Drone  
  94  10:08  Drone x4, Spine Crawler  
  94  10:09  Drone, Extractor  
  98  10:17  Overlord  
  98  10:18  Overlord x2  
  98  10:28  Extractor  
  98  10:32  Overlord  
  98  10:33  Extractor  
  89  10:50  Mutalisk  
  89  10:51  Mutalisk x6  
  89  10:55  Queen  
  98  11:01  Mutalisk x2  
  97  11:14  Drone  
  97  11:15  Drone x11  
  104  11:24  Zergling x2  
  101  11:32  Drone  
  99  11:33  Drone x3  
  99  11:37  Drone x2  
  104  11:42  Drone x2  
  104  11:55  Zergling x2  
  104  11:56  Zergling x6  
  87  12:09  Mutalisk x7  
  87  12:10  Mutalisk x2  
  87  12:13  Zergling x4  
  107  12:24  Zergling x6  
  107  12:25  Zergling x2  
  111  12:30  Zergling x2  
  111  12:31  Zergling x2  
  111  12:33  Baneling x7  
  111  12:34  Baneling x3  
  111  12:35  Zergling x4  
  115  12:42  Zergling x4  
  115  12:43  Hatchery  
  116  12:46  Zergling x2  
  116  12:47  Zergling x2  
  116  12:50  Drone x3  
  121  12:53  Zergling x6  
  121  12:54  Zergling x4  
  127  12:58  Baneling  
  127  12:59  Baneling x4  
Show
View Real Time Build Order
Export as new Build Order

LilDicky Terran 

Build Orders: MMM Bio 

Get SALT Encoding   

  12  0:01  SCV  
  13  0:14  SCV  
  14  0:17  Supply Depot  
  14  0:26  SCV  
  15  0:33  Refinery  
  15  0:39  SCV  
  16  0:45  Barracks  
  16  0:53  SCV  
  17  1:05  SCV  
  18  1:24  SCV  
  19  1:39  Orbital Command  
  19  1:41  Supply Depot  
  19  1:56  Command Center  
  19  2:10  SCV  
  19  2:14  Barracks Reactor, Barracks  
  20  2:24  Barracks  
  20  2:29  SCV  
  21  2:41  SCV  
  22  2:53  SCV  
  22  2:54  Marine  
  22  2:57  Marine  
  25  3:05  SCV  
  26  3:11  Refinery  
  26  3:12  Marine  
  28  3:14  Marine  
  28  3:15  Barracks Tech Lab x2  
  28  3:18  Orbital Command  
  28  3:24  Barracks  
  28  3:26  Barracks  
  28  3:29  SCV  
  28  3:30  Marine  
  30  3:34  Marine  
  30  3:39  Stimpack  
  31  3:46  Combat Shields  
  31  3:47  Marine x2  
  33  3:50  Marine  
  34  3:57  Marine  
  34  3:58  SCV  
  34  4:00  SCV  
  37  4:04  Marine  
  37  4:05  Factory  
  38  4:10  Marine  
  38  4:11  SCV, Marine  
  38  4:14  Barracks Reactor  
  41  4:19  Marine  
  41  4:21  Barracks Reactor  
  41  4:22  Marine  
  41  4:23  SCV  
  44  4:28  Marine x2  
  46  4:44  Supply Depot  
  46  4:51  SCV x2, Marine x4  
  46  4:52  Starport, Factory Reactor  
  52  4:54  Marine  
  53  5:03  Marine  
  53  5:05  SCV x2, Marine x2  
  58  5:09  Marine x4  
  62  5:16  Supply Depot  
  62  5:20  SCV, Marine  
  62  5:21  Marine  
  65  5:23  Marine  
  65  5:24  Supply Depot  
  65  5:26  Marine  
  66  5:30  Marine  
  67  5:40  SCV x2  
  69  5:43  Supply Depot  
  69  5:47  Bunker  
  69  5:50  Supply Depot  
  69  5:51  Marine x2  
  69  5:52  SCV  
  69  5:54  Marine x2  
  69  6:05  Marine x2  
  70  6:19  Marine x4  
  70  6:20  Medivac  
  70  6:23  Marine x2  
  58  6:26  Engineering Bay, Marine  
  58  6:27  Marine  
  57  6:34  SCV  
  57  6:36  Widow Mine  
  57  6:37  Marine x4  
  64  6:43  SCV, Marine x2  
  64  6:44  Marine  
  64  6:46  Marine  
  69  6:47  SCV  
  70  6:57  Missile Turret  
  70  7:03  Medivac x2  
  70  7:04  Marine x2  
  76  7:09  Missile Turret  
  76  7:10  Missile Turret  
  73  7:19  Missile Turret  
  73  7:22  Widow Mine  
  68  7:27  Marine x2  
  63  7:36  SCV x2  
  61  7:48  SCV  
  62  7:55  Missile Turret, Marine x2  
  46  8:30  Marine x8  
  44  8:41  SCV  
  44  8:47  Command Center, Marine  
  44  8:48  Marine x7  
  53  9:05  Marine  
  53  9:06  SCV x2, Marine x4  
  60  9:12  Marine x2  
  62  9:17  Marine  
  62  9:18  SCV x2, Medivac x2  
  69  9:30  SCV  
  60  9:42  Marine x3  
  60  9:43  Marine x3  
  60  9:44  Marine  
  60  9:45  SCV x2  
  69  9:48  Medivac  
  71  9:57  SCV x2  
  74  10:00  Marine x2  
  74  10:02  Orbital Command  
  77  10:09  SCV x2  
  77  10:11  Terran Infantry Weapons Level 1, Missile Turret, Marine x2  
  79  10:15  Engineering Bay  
  79  10:18  Refinery  
  79  10:21  SCV x2  
  81  10:31  Marine x2  
  81  10:33  SCV x2  
  77  10:55  Marine  
  77  10:56  Marine x7  
  83  11:13  Marine x6  
  83  11:14  Marine x2  
  83  11:31  Marine x8  
  87  11:44  Missile Turret  
  87  11:46  Orbital Command  
  85  11:49  Marine x8  
  93  11:54  Refinery  
  93  11:58  Armory  
  93  12:06  Marine  
  93  12:07  Marine x4  
  76  12:09  Marine x3  
  76  12:24  SCV x2, Marine  
  76  12:25  SCV, Marine x4  
  76  12:26  Marine  
  76  12:27  Marine x2, Medivac  
  76  12:28  Medivac  
  91  12:36  SCV  
  91  12:37  SCV x2, Supply Depot  
  93  12:42  Marine  
  95  12:45  Marine  
  95  12:48  SCV, Marine  
  95  12:49  Marine  
  99  12:55  Marine x2  
Tags
 
Add a new tag
Caveats
  • Supply blocks, unpowered buildings, or Contaminate may cause inaccurate times.
  • Supply counts are checked every 10 seconds.